 Dungeon Crawl Stone Soup version 0.29-a0-584-gb10a8bf730 (webtiles) character file.

Game seed: 10921026531418279434

48 Bruhh the Ruffian (level 3, 0/33 HPs)
             Began as a Troll Gladiator on June 15, 2022.
             Slain by Grinder (1 damage)
             ... while paralysed by Grinder
             ... on level 3 of the Dungeon.
             The game lasted 00:00:55 (1092 turns).

Bruhh the Ruffian (Troll Gladiator)                 Turns: 1092, Time: 00:00:56

Health: 0/33       AC:  4    Str: 24    XL:     3   Next: 50%
Magic:  2/2        EV:  1    Int:  4    God:
Gold:   25         SH:  0    Dex: 11    Spells: 2/2 levels left

rFire   . . .      SeeInvis .     - Unarmed
rCold   . . .      Faith    .   (no shield)
rNeg    . . .      Spirit   .   a - +0 robe
rPois   .          Reflect  .   b - +0 hat
rElec   .          Harm     .   (no cloak)
rCorr   .          Rampage  .   (gloves unavailable)
Will    .....                   (boots unavailable)
Stlth   +.........              (no amulet)
HPRegen 0.91/turn               (no ring)
MPRegen 0.08/turn               (no ring)

@: paralysed
A: large, unfitting armour, claws 3, regeneration 1, shaggy fur 1, tough skin 1
a: no special abilities


You were on level 3 of the Dungeon.
You visited 1 branch of the dungeon, and saw 3 of its levels.

You collected 25 gold pieces.

Inventory:

Missiles
 c - 3 throwing nets (quivered)
 d - a large rock
Armour
 a - a +0 robe (worn)
 b - a +0 hat (worn)
Scrolls
 e - a scroll of blinking {unknown}
 i - a scroll of teleportation {unknown}
 j - a scroll of identify {unknown}
 k - a scroll of enchant weapon {unknown}
 m - a scroll of poison {unknown}
Potions
 f - a potion of mutation {unknown}
 g - a potion of flight {unknown}
 h - a potion of attraction {unknown}
 l - a potion of lignification {unknown}


   Skills:
 - Level 1.5 Fighting
 - Level 1.7 Throwing
 - Level 2.4 Dodging
 + Level 4.6 Unarmed Combat


You had 2 spell levels left.
You didn't know any spells.
Your spell library was empty.

Dungeon Overview and Level Annotations

Branches:
Dungeon (2/15)

Altars:

Annotations:
D:3 Grinder


Innate Abilities, Weirdness & Mutations

You are too large for most types of armour.
You have claws for hands.
Your natural rate of healing is unusually fast.
You are covered in fur. (AC +1)
You have tough skin. (AC +1)


Message History

No target in view!
HP restored.
Found a club.
You see here a +0 club.
Found a stone staircase leading down.
Grinder comes into view.
Grinder shouts!
Grinder blinks!
A kobold comes into view. It is wielding a +0 whip.
The kobold shouts!
Grinder closely misses you.
You closely miss Grinder. Grinder hits you but does no damage.
You mangle Grinder!!
Grinder is heavily wounded.
Grinder hits you.
You writhe in agony.
You claw Grinder!
Grinder is severely wounded.
Grinder says, "Tell me all your secrets, or I'll kill you."
Grinder hits you.
You writhe in agony.
You barely miss Grinder.
Grinder is severely wounded.
Grinder hits you but does no damage.
You barely miss Grinder.
Grinder is severely wounded.
Grinder barely misses you.
You barely miss Grinder. Your claw misses Grinder.
Grinder is severely wounded.
Grinder gestures at you.
You suddenly lose the ability to move!
Grinder hits you.
You writhe in agony.
Grinder hits you.
You writhe in agony.
Grinder hits you.
* * * LOW HITPOINT WARNING * * *
You writhe in agony.
* * * LOW HITPOINT WARNING * * *
Grinder barely misses you. Grinder hits you!
* * * LOW HITPOINT WARNING * * *
You writhe in agony.
You die...

#.# #.# #.# #.# #.# #K#
#5# #@# #.#
################.###.###
...................>....
#######.########.###.###
.................#
.######.##########
.......)..........
..#####.##...#####


You could see Grinder and a kobold.

Vanquished Creatures
  A worm (D:3)
  A dart slug (D:1)
  2 bats (D:1)
  3 endoplasms (D:1)
  4 giant cockroaches
  3 goblins (D:1)
  2 hobgoblins (D:1)
  8 jackals
  A quokka (D:1)
  6 ball pythons
  A frilled lizard (D:1)
  2 kobolds (D:1)
34 creatures vanquished.

Notes
Turn   | Place    | Note
-------+----------+-------------------------------------------
     0 | D:1      | Bruhh the Troll Gladiator began the quest for the Orb.
     0 | D:1      | Reached XP level 1. HP: 19/19 MP: 0/0
    81 | D:1      | Reached XP level 2. HP: 27/27 MP: 1/1
   320 | D:1      | Reached skill level 4 in Unarmed Combat
   447 | D:1      | Reached XP level 3. HP: 19/33 MP: 2/2
   993 | D:2      | You fall into a shaft and drop 1 floor!
  1079 | D:3      | Noticed Grinder
  1087 | D:3      | Paralysed by Grinder for 5 turns
  1092 | D:3      | HP: 1/33 [Grinder (8)]
  1092 | D:3      | Slain by Grinder

Illustrated notes

Levels and vault maps discovered:
D:1:      lightli_arrival_boilingwater, layout_basic
D:2:      minmay_spotlight, layout_basic, serial_curves, eino_curves_01,
          eino_curves_04
D:3:      layout_basic, dreamdust_ecumenical_altar_drowned_temple, uniq_terence,
          uniq_natasha, uniq_grinder

Skill      XL: |  1  2 |
---------------+-------+-----
Unarmed Combat | 4 |  4.6
Fighting       | |  1.5
Throwing       | |  1.7
Dodging        | |  2.4

Action                   || total
-------------------------++-------
Melee: Unarmed           ||    73
       Punch             ||     1
Armor: Robe              ||    21
Dodge: Dodged            ||    32

Table legend: (Time is in decaauts)
 A = Elapsed time spent in this place.
 B = Non-inter-level travel time spent in this place.
 C = Inter-level travel time spent in this place.
 D = Time resting spent in this place.
 E = Time spent auto-exploring this place.
 F = Levels seen in this place.
 G = Mean time per level.
                   A        B        C        D        E       F      G
               +--------+--------+--------+--------+--------+-----+--------+
         Total |   1088 |   1066 |     22 |      0 |    866 |   3 |  362.7 |
       Dungeon |   1088 |   1066 |     22 |      0 |    866 |   3 |  362.7 |
               +--------+--------+--------+--------+--------+-----+--------+

Top non-repeatable levels by time:
     D:1: 822 daAuts
     D:2: 167 daAuts
     D:3: 98 daAuts
